[Event "Early-Titled-Tuesday-Blitz-May-07-2024"]
[Site "Chess.com"]
[Date "2024.05.07"]
[Round "5"]
[White "CSB7"]
[Black "Nadtkins"]
[Result "1-0"]
[WhiteElo "2770"]
[BlackElo "2533"]
[TimeControl "180+1"]
[EndTime "8:59:46 PDT"]
[Termination "CSB7 won on time"]

1. d4 Nf6 2. Nf3 d6 3. c4 g6 4.
Nc3 Bf5 5. Ng5 h6 6. e4 Bg4 7. Nf3 Bg7 8. Be2 Nfd7 9. Be3 c5 10. d5 Na6 11. Qd2 Nc7 12. O-O Rb8 13. Rab1 Bxf3 14.
Bxf3 b5 15. cxb5 Nxb5 16. Nxb5 Rxb5 17. Be2 Rb4 18. f3 Bd4 19. Kh1 Bxe3 20. Qxe3 h5 21. f4 Nf6 22. Bf3 Rd4 23. b4 O-O 24. bxc5 dxc5 25.
Rbc1 Qa5 26. f5 Kg7 27. Qg5 Qc7 28. h3 Qd6 29. Qe3 Qe5 30. Rfe1 Rc8 31. Rc3 h4 32. Rec1 Qg3 33. Qe1 Nh5 34. Bxh5 Qxe1+ 35. Rxe1 gxh5 36.
Kg1 Kf6 37. e5+ Kxf5 38. Rf3+ Kg6 39. d6 exd6 40. e6 f5 41. e7 Re8 42. Re6+ Kf7 43. Rh6 Rxe7 44. Rxf5+ Ke8 45. Rfxh5 Re1+ 46. Kf2 Rdd1 47.
Rh7 1-0

[Event "Early-Titled-Tuesday-Blitz-May-07-2024"]
[Site "Chess.com"]
[Date "2024.05.07"]
[Round "5"]
[White "IriBu"]
[Black "FuenfgegenWilly"]
[Result "1-0"]
[WhiteElo "2592"]
[BlackElo "2452"]
[TimeControl "180+1"]
[EndTime "8:59:46 PDT"]
[Termination "IriBu won by resignation"]

1. e4 c5 2. c3 a6 3. d4 e6 4. Nf3 d5 5. e5 Bd7 6. Be2 cxd4 7.
cxd4 Bb5 8. Nc3 Bb4 9. Bxb5+ axb5 10. Bd2 Qb6 11. O-O Nc6 12. Qe2 h5 13. a3 Be7 14. Nxb5 Nh6 15. Bxh6 Rxh6 16. a4 g5 17. Rfc1 g4 18. Ne1 Kf8 19. Qd3 h4 20. b3 Rg6 21. Nc2 g3 22. hxg3 hxg3 23. fxg3 Nxe5 24. Qe2 Ng4 25. Rf1 Kg7 26. Ne3 Nxe3 27. Qxe3 Bf6 28. Rf2 Rh8 29. Raf1 Rh5 30. Rf4 Qd8 31. Qf3 Rhg5 32.
g4 Rh6 33. Kf2 Rhg6 34. Ke2 e5 35. Rf5 e4 36. Qh3 Rxg4 37. Rxf6 Qxf6 38. Rxf6 Kxf6 39. Kf2 Kg7 40. Nc3 Rf4+ 41. Kg1 Rg5 42. Ne2 Rfg4 43. g3 f5 44. Kf2 Rg6 45. Nf4 Rh6 46. Qg2 Rc6 47. Ne2 Rc2 48. Qh3 Rb2 49. Qh5 Kf6 50. Qh6+ Rg6 51. Qh8+ Rg7 52. Qf8+ Rf7 53. Qd6+ Kg5 54.
Qxd5 Rd2 55. Qxf7 Rxd4 56. Nxd4 1-0

[Event "Early-Titled-Tuesday-Blitz-May-07-2024"]
[Site "Chess.com"]
[Date "2024.05.07"]
[Round "5"]
[White "MasterKroket"]
[Black "Ati1517"]
[Result "1-0"]
[WhiteElo "2513"]
[BlackElo "2274"]
[TimeControl "180+1"]
[EndTime "8:59:46 PDT"]
[Termination "MasterKroket won on time"]

1. e4 c5 2. Nf3 d6 3. d4 cxd4 4.
Nxd4 Nf6 5. Nc3 a6 6. Be3 e5 7.
Nb3 Be7 8. f3 Be6 9. Qd2 O-O 10.
g4 Nbd7 11. O-O-O b5 12. g5 Ne8 13. Kb1 b4 14. Ne2 a5 15. f4 a4 16. f5 axb3 17.
fxe6 fxe6 18. cxb3 Qa5 19. Nc1 Nc7 20. Bc4 Nb6 21.
Bxb6 Qxb6 22. Rhf1 Rxf1 23. Rxf1 Rd8 24. h4 d5 25. Be2 dxe4 26. Qc2 Qb7 27. Bc4 Nd5 28. Ne2 Ne3 29. Bxe6+ Kh8 30. Qc1 Nxf1 31. Qxf1 Qb6 32.
Bc4 e3 33. Qf7 Qg6+ 34. Qxg6 hxg6 35. a4 bxa3 36. bxa3 Rd1+ 37. Kc2 Rd2+ 38. Kc3 Bxa3 39. b4 Bb2+ 40. Kb3 Bd4 41. b5 Rd1 42. Kb4 Rb1+ 43. Ka5 Ra1+ 44. Kb4 Rh1 45. Ka5 Rxh4 46. Nxd4 Rxd4 47. b6 Rd2 48. b7 Rb2 49. Bb5 e2 50.
b8=Q+ Kh7 51. Qxe5 e1=Q+ 52. Qxe1 1-0

[Event "Early-Titled-Tuesday-Blitz-May-07-2024"]
[Site "Chess.com"]
[Date "2024.05.07"]
[Round "5"]
[White "DrVelja"]
[Black "Firouzja2003"]
[Result "1-0"]
[WhiteElo "2968"]
[BlackElo "3196"]
[TimeControl "180+1"]
[EndTime "8:59:47 PDT"]
[Termination "DrVelja won on time"]

1. e4 c5 2. Nf3 d6 3. d4 cxd4 4.
Nxd4 Nf6 5. Nc3 a6 6. Be3 g6 7. Qd2 Bg7 8. f3 h5 9. Be2 Qc7 10. a4 Nbd7 11. a5 O-O 12. O-O Ne5 13. Na4 Nfd7 14.
c4 Nc6 15. b4 Rb8 16. Rfc1 Rd8 17. Rab1 Nxd4 18. Bxd4 Bxd4+ 19. Qxd4 b6 20. axb6 Nxb6 21. Nc3 e5 22. Qf2 Be6 23. Nd5 Bxd5 24. cxd5 Qe7 25.
Bxa6 h4 26. Bf1 Nd7 27. Rc7 Qg5 28. Rc6 Nf6 29. b5 Nh5 30. b6 Nf4 31. Kh1 f5 32.
b7 fxe4 33. fxe4 Rf8 34. Qc2 Nh5 35. Qc1 Qf6 36. Be2 Nf4 37. Bf1 h3 38. gxh3 Kg7 39. Rc7+ Kh6 40. Rc8 Qf7 41. Rxf8 Rxf8 42. b8=Q Rxb8 43. Rxb8 g5 44. Rb1 Qg6 45. Qe3 Qh5 46. Re1 Ng6 47. Bg2 Nh4 48. Rf1 Qg6 49. Qf2 1-0

[Event "Early-Titled-Tuesday-Blitz-May-07-2024"]
[Site "Chess.com"]
[Date "2024.05.07"]
[Round "5"]
[White "MagnusCarlsen"]
[Black "Nemegejas"]
[Result "0-1"]
[WhiteElo "3212"]
[BlackElo "2828"]
[TimeControl "180+1"]
[EndTime "8:59:47 PDT"]
[Termination "Nemegejas won by resignation"]

1. a4 e5 2. Ra3 Bxa3 3. Nxa3 Nf6 4. b3 O-O 5. Bb2 Re8 6. g3 d5 7. Bg2 Nc6 8. Nf3 e4 9. Nd4 Ne5 10. b4 a5 11. b5 c5 12. bxc6 bxc6 13. O-O Bd7 14.
Qa1 Qe7 15. d3 h5 16. h3 Rab8 17. Bc3 Qd6 18. Nb3 h4 19. Qc1 Ng6 20. Be1 Nh5 21.
Nb1 hxg3 22. Nc3 gxf2+ 23. Rxf2 e3 24. Rf3 Ngf4 25. Bh4 d4 26. Qf1 dxc3 27. Nxa5 Re6 28. Nc4 Qd4 29. Bg5 Nxg2 30. Qxg2 Rg6 31. h4 c5 32. Qh2 Rb1+ 33. Rf1 Rxf1+ 34. Kxf1 f6 35. Bxe3 Qd5 36. a5 Ng3+ 37. Ke1 Bb5 38. Bf2 Bxc4 39.
Bxg3 Ba6 40. Bf4 c4 41. h5 Rg2 42. Qh3 cxd3 43. cxd3 Rg1+ 44. Kf2 Rh1 45. Qg4 c2 46. h6 g5 47. e4 Qc5+ 48. Ke2 c1=N+ 49. Kd2 Nb3+ 50. Ke2 Qc2+ 0-1

[Event "Early-Titled-Tuesday-Blitz-May-07-2024"]
[Site "Chess.com"]
[Date "2024.05.07"]
[Round "5"]
[White "XDPS"]
[Black "Cipy77"]
[Result "0-1"]
[WhiteElo "2828"]
[BlackElo "2596"]
[TimeControl "180+1"]
[EndTime "8:59:47 PDT"]
[Termination "Cipy77 won on time"]

1. d4 d5 2. c4 dxc4 3. Nf3 Nf6 4. e3 e6 5. Bxc4 c5 6. O-O cxd4 7. exd4 Nc6 8. Nc3 Be7 9. Qe2 O-O 10. Rd1 Nb4 11. Ne5 Nbd5 12. Rd3 Re8 13. Rg3 Bf8 14. Bb3 b6 15.
Bg5 Nxc3 16. bxc3 Bb7 17. Ba4 Be7 18. Bxe8 Qxe8 19. Bxf6 Bxf6 20. c4 Rd8 21. Rd1 g6 22.
Re3 Qa4 23. d5 exd5 24. cxd5 Rxd5 25. Rxd5 Bxd5 26. Ng4 Bd4 27. Re8+ Kg7 28. Rd8 Be6 29. Qd2 Bxg4 30. Rxd4 Qb5 31. h3 Be6 32. a4 Qb1+ 33.
Kh2 Qa1 34. Rf4 Qa3 35. h4 h5 36. Qd4+ Kg8 37. g3 Qa2 38. Re4 Qc2 39. Re5 Qa2 40. a5 bxa5 41. Rb5 Qc2 42. Rxa5 Kh7 43. Rxa7 Qf5 44. Rc7 Qh3+ 45. Kg1 Qg4 46. Rc1 Qxd4 0-1

[Event "Early-Titled-Tuesday-Blitz-May-07-2024"]
[Site "Chess.com"]
[Date "2024.05.07"]
[Round "5"]
[White "NastyaHn"]
[Black "twofoxniel"]
[Result "1-0"]
[WhiteElo "2488"]
[BlackElo "2661"]
[TimeControl "180+1"]
[EndTime "8:59:47 PDT"]
[Termination "NastyaHn won by resignation"]

1. Nc3 Nf6 2. e4 d5 3. e5 Nfd7 4. d4 e6 5. f4 c5 6. Nf3 Nc6 7. Be3 a6 8. Qd2 b5 9. dxc5 Bxc5 10. Nd4 Qb6 11. Nce2 b4 12. c3 a5 13. g3 O-O 14.
Bg2 Ba6 15. Nc2 bxc3 16. bxc3 Rac8 17. Ned4 Rfe8 18. Kf2 f6 19. Nxe6 Rxe6 20. Bxd5 Nf8 21. f5 Nxe5 22. fxe6 Ng4+ 23. Kf3 Ne5+ 24. Kg2 Nxe6 25.
Nd4 Bxd4 26. Bxd4 Qd6 27. Bxe5 fxe5 28. Rad1 Kh8 29. Bb3 Bb7+ 30. Kh3 Qxd2 31. Rxd2 Bxh1 32. Bxe6 Rf8 33. Bd5 Rd8 34. c4 g6 35. g4 Kg7 36.
Kg3 Kf6 37. Rf2+ Kg5 38. Bxh1 Rd3+ 39. Kg2 Kxg4 40. Re2 Kf4 41. Kf2 Rd4 42. c5 Rc4 43. c6 e4 44. Rxe4+ Rxe4 45. Bxe4 Kxe4 46. c7 1-0

[Event "Early-Titled-Tuesday-Blitz-May-07-2024"]
[Site "Chess.com"]
[Date "2024.05.07"]
[Round "5"]
[White "lluiss"]
[Black "DeArron_Fox"]
[Result "0-1"]
[WhiteElo "2230"]
[BlackElo "2512"]
[TimeControl "180+1"]
[EndTime "8:59:47 PDT"]
[Termination "DeArron_Fox won on time"]

1. Nf3 d5 2. d4 Nf6 3. c4 e6 4. cxd5 exd5 5. Nc3 c6 6. Qc2 Bd6 7. Bg5 O-O 8. e3 h6 9. Bh4 Nbd7 10. Bd3 Re8 11. O-O a6 12. Rfc1 Nf8 13. Bg3 Bxg3 14.
hxg3 Be6 15. b4 N8d7 16. Na4 Rc8 17. Nc5 Qc7 18. a4 a5 19. b5 Nxc5 20. Qxc5 Nd7 21. Qc3 c5 22. dxc5 Nxc5 23. Qd4 b6 24. Rc3 Qd6 25.
Rac1 Rc7 26. Bb1 Rec8 27. Qe5 Qxe5 28. Nxe5 Kf8 29. Bc2 Ke7 30. Bd1 Kd6 31. Nc6 Bd7 32.
Nd4 Ne6 33. Nf5+ Ke5 34. Rxc7 Rxc7 35. Rxc7 Nxc7 36. Nd4 Ne6 37. Nxe6 fxe6 38. Kf1 Kd6 39. Ke2 Kc5 40. Kd2 e5 41. f4 exf4 42. gxf4 Bf5 43.
Kc3 Be4 44. Bg4 Bxg2 45. Bf5 h5 46. Be6 h4 47. Bf5 h3 48. Bxh3 Bxh3 0-1

[Event "Early-Titled-Tuesday-Blitz-May-07-2024"]
[Site "Chess.com"]
[Date "2024.05.07"]
[Round "5"]
[White "kecalk"]
[Black "MatthewG-p4p"]
[Result "0-1"]
[WhiteElo "2537"]
[BlackElo "2871"]
[TimeControl "180+1"]
[EndTime "8:59:48 PDT"]
[Termination "MatthewG-p4p won by checkmate"]

1. Nf3 c5 2. g3 g6 3. Bg2 Bg7 4. O-O Nc6 5. c4 e6 6. Nc3 Nge7 7. e3 O-O 8. d4 d6 9. b3 e5 10. dxc5 dxc5 11. Bb2 e4 12. Ng5 f5 13. h4 Nb4 14.
Qe2 Nd3 15. Rad1 Qa5 16. Rxd3 exd3 17. Qxd3 h6 18. Nd5 Nc6 19. Bxg7 Kxg7 20. Nh3 Be6 21. Nhf4 Rae8 22. h5 g5 23. Nxe6+ Rxe6 24. Bh3 Ne5 25. Qc2 Nf3+ 26. Kg2 g4 27. Nf4 Ref6 28. Qb2 Kf7 29. Nd5 Re6 30. Qc2 Kg8 31. Nf4 Rd6 32. Ng6 Ne1+ 33.
Rxe1 gxh3+ 34. Kxh3 Qxe1 35. Ne7+ Kf7 36. Qxf5+ Kxe7 37. Qe5+ Re6 38. Qc7+ Ke8 39. Qc8+ Kf7 40. Qd7+ Re7 41.
Qf5+ Kg8 42. Qg6+ Rg7 43. Qe6+ Kh7 44. Qe4+ Kh8 45. g4 Qf1+ 46. Kg3 Qxf2+ 47. Kh3 Rf3+ 48. Qxf3 Qxf3+ 49. Kh2 Rxg4 50. e4 Qg2# 0-1

[Event "Early-Titled-Tuesday-Blitz-May-07-2024"]
[Site "Chess.com"]
[Date "2024.05.07"]
[Round "5"]
[White "Irishchessman16"]
[Black "ChEsper99"]
[Result "1-0"]
[WhiteElo "2548"]
[BlackElo "2285"]
[TimeControl "180+1"]
[EndTime "8:59:48 PDT"]
[Termination "Irishchessman16 won by resignation"]

1. e4 c6 2. d4 d5 3. Nc3 dxe4 4. Nxe4 Bf5 5. Ng3 Bg6 6. Nh3 h6 7. Nf4 Bh7 8. Bc4 Nf6 9. O-O e6 10. Re1 Be7 11. Bxe6 fxe6 12. Nxe6 Qd7 13. Nxg7+ Kf7 14. Bxh6 Bxc2 15. Qxc2 Rxh6 16. N7f5 Bf8 17. Nxh6+ Bxh6 18. Nf5 Bf8 19. Qb3+ Kg6 20. Qh3 Qxf5 21. Qg3+ Qg5 22. Qc7 Nbd7 23. Re3 Kf7 24. Rae1 Qd5 25. Rf3 Qd6 26.
Qxb7 Rb8 27. Qa6 Rxb2 28. Qc4+ Qd5 29. Qd3 Bg7 30. h4 Qxa2 31. Qf5 Qd5 32. Qf4 Rb5 33. g4 Rb4 34. Rd1 c5 35. g5 Rxd4 36. Rxd4 Qxd4 37. Qf5 Qxh4 38. Qxd7+ Kg6 39. Qf5+ Kf7 40. gxf6 Bxf6 41. Qd7+ Kg6 42. Rg3+ Kh6 43. Qf7 Bg5 44. Qg8 c4 45.
Qh8+ Kg6 46. Qxh4 1-0

[Event "Early-Titled-Tuesday-Blitz-May-07-2024"]
[Site "Chess.com"]
[Date "2024.05.07"]
[Round "5"]
[White "Lucky_Puncher"]
[Black "Mops_2004"]
[Result "0-1"]
[WhiteElo "2535"]
[BlackElo "2805"]
[TimeControl "180+1"]
[EndTime "8:59:49 PDT"]
[Termination "Mops_2004 won by resignation"]

1. d4 d5 2. c4 e6 3. Nc3 a6 4. Nf3 Nf6 5. Bg5 dxc4 6. a4 c5 7. e3 Nc6 8. Bxc4 cxd4 9. exd4 Be7 10. O-O O-O 11. Re1 Nb4 12. Ne5 Bd7 13. Qe2 Rc8 14.
Bb3 Nfd5 15. Bxe7 Nxe7 16. Rad1 Be8 17. Qf3 Nbd5 18. Nxd5 Nxd5 19. Bxd5 Qxd5 20. Qxd5 exd5 21. b3 a5 22. Rc1 Rxc1 23. Rxc1 f6 24. Nd3 Bc6 25.
Re1 Kf7 26. Nf4 g5 27. Nd3 Rb8 28. Ra1 Ke7 29. f3 Kd6 30. b4 b6 31. Kf2 Bd7 32.
g3 Bf5 33. Nb2 Rc8 34. Nd1 axb4 35. Ne3 Bd3 36. Rd1 Rc3 37. Rd2 b3 38. Rb2 Bc2 39.
Nf1 Rd3 40. Ne3 Rxd4 41. Ke2 Bd3+ 42. Kd2 Bc4+ 43. Kc3 Rd3+ 44. Kb4 Rxe3 45. a5 bxa5+ 0-1

[Event "Early-Titled-Tuesday-Blitz-May-07-2024"]
[Site "Chess.com"]
[Date "2024.05.07"]
[Round "5"]
[White "JosefineHeinemann"]
[Black "GoltsevDmitry2000"]
[Result "0-1"]
[WhiteElo "2539"]
[BlackElo "2786"]
[TimeControl "180+1"]
[EndTime "8:59:51 PDT"]
[Termination "GoltsevDmitry2000 won on time"]

1. e4 e6 2. d4 d5 3. Nd2 c5 4. exd5 exd5 5. Bb5+ Nc6 6. Ngf3 Nf6 7. O-O Be7 8. dxc5 Bxc5 9. Nb3 Bb6 10. Re1+ Be6 11.
Be3 O-O 12. c3 Ng4 13. Bxb6 Qxb6 14. Nbd4 a6 15. Bxc6 bxc6 16. h3 Nf6 17. Nxe6 fxe6 18. Rxe6 Ne4 19. Qe2 Qc7 20. c4 Qd7 21. cxd5 cxd5 22.
Re5 Qd6 23. Rd1 Nf6 24. b3 Rac8 25. Re6 Qf4 26. Rxa6 Kh8 27. Re6 Ne4 28. Qe3 Qxe3 29. fxe3 Rc2 30. Rxd5 Nc3 31. Rf5 Rc8 32. Ng5 h6 33. Nf7+ Kh7 34. Nd6 Ra8 35. Re7 Raxa2 36. Rff7 Rxg2+ 37. Kf1 Rg3 38. Ne8 Rg6 39. Rxg7+ Rxg7 40. Rxg7+ Kh8 41. Rc7 Ra1+ 42. Kg2 Ne4 43. Re7 Ng5 44. Nf6 Ra2+ 45. Kg3 Ra6 46. Rf7 Nxf7 47. Kf3 Rxf6+ 0-1

[Event "Early-Titled-Tuesday-Blitz-May-07-2024"]
[Site "Chess.com"]
[Date "2024.05.07"]
[Round "5"]
[White "AccioChess"]
[Black "Boundless_Strike"]
[Result "0-1"]
[WhiteElo "2447"]
[BlackElo "2660"]
[TimeControl "180+1"]
[EndTime "8:59:51 PDT"]
[Termination "Boundless_Strike won by checkmate"]

1. Nf3 d6 2. g3 e5 3. Bg2 f5 4. O-O Nf6 5. d4 e4 6. Nfd2 Be7 7. c4 O-O 8. Nc3 c5 9. dxc5 dxc5 10. Nb3 Nc6 11.
Bg5 Be6 12. Bxf6 Bxf6 13. Nd5 b6 14. Qd2 Bxd5 15. cxd5 Nd4 16. e3 Nxb3 17. axb3 Qd6 18. Rfd1 b5 19. Bf1 a6 20. Ra2 Rfd8 21. Rda1 Qxd5 22. Qxd5+ Rxd5 23. Bxb5 Rd2 24. Bc4+ Kf8 25. Rxa6 Rxa6 26. Rxa6 Rxb2 27. Rc6 Bc3 28. Rxc5 g6 29. Be2 Bb4 30. Rc8+ Ke7 31. Kf1 Rb1+ 32. Kg2 Rb2 33. Rc4 Be1 34. Kf1 Ba5 35. Ra4 Bc3 36.
Ra7+ Kf6 37. Rxh7 Rb1+ 38. Kg2 Rb2 39. Rc7 Bb4 40. Rb7 Bc3 41. Rb6+ Kg7 42. Kf1 Rb1+ 43. Kg2 Rb2 44. Bc4 Be1 45. h4 Bxf2 46. Kh3 Bg1 47.
g4 Bxe3 48. Rb7+ Kf6 49. g5+ Ke5 50. Re7+ Kf4 51. h5 Bg1 52. hxg6 Rh2# 0-1

[Event "Early-Titled-Tuesday-Blitz-May-07-2024"]
[Site "Chess.com"]
[Date "2024.05.07"]
[Round "5"]
[White "rookpower2004"]
[Black "ClauSanLuis"]
[Result "0-1"]
[WhiteElo "2548"]
[BlackElo "2418"]
[TimeControl "180+1"]
[EndTime "8:59:51 PDT"]
[Termination "ClauSanLuis won by resignation"]

1. e4 c5 2. Nf3 Nc6 3. d4 cxd4 4. Nxd4 e5 5. Nb5 a6 6. Nd6+ Bxd6 7. Qxd6 Qf6 8. Qd2 Qg6 9. Nc3 Nf6 10. f3 b5 11. a3 O-O 12. Qf2 d5 13. exd5 Ne7 14. Bd3 Qh5 15. d6 Ned5 16. Nxd5 Nxd5 17. O-O Be6 18.
Be4 Rad8 19. f4 exf4 20. Bxf4 Nxf4 21. Qxf4 Qc5+ 22. Kh1 Qxd6 23. Qh4 h6 24. Rae1 Qc5 25. Bd3 Rd4 26. Rf4 Rxf4 27. Qxf4 Rd8 28. Qe4 g6 29.
Qh4 Qg5 30. Qxg5 hxg5 31. Kg1 Kg7 32. Kf2 Kf6 33. Re3 Bf5 34. Rf3 g4 35. Re3 Bxd3 36. cxd3 Rc8 37. Re2 Rc1 38. Kg3 Rd1 39. Kxg4 Rxd3 40.
Rc2 Rb3 41. Kf4 a5 42. Rc6+ Kg7 43. Rc2 Kf6 44. h4 b4 45. a4 Rd3 46. Rc6+ Kg7 47. g4 Rd2 48. Rc5 Rxb2 49. Rxa5 b3 50.
Rb5 Ra2 51. Rxb3 Rxa4+ 52. Kg3 Re4 53. Rb6 Ra4 54. Ra6 Rxa6 0-1

[Event "Early-Titled-Tuesday-Blitz-May-07-2024"]
[Site "Chess.com"]
[Date "2024.05.07"]
[Round "5"]
[White "chesslh93"]
[Black "shirovin"]
[Result "1-0"]
[WhiteElo "2362"]
[BlackElo "2080"]
[TimeControl "180+1"]
[EndTime "8:59:52 PDT"]
[Termination "chesslh93 won on time"]

1. e4 c5 2. Nf3 d6 3. d4 cxd4 4. Nxd4 Nf6 5. Nc3 a6 6. Be2 e5 7. Nb3 Be7 8. O-O O-O 9. Be3 Be6 10. Qd2 Nbd7 11. a4 Qc7 12. a5 Rac8 13. Rfd1 Qb8 14.
Qe1 Rfd8 15. Nc1 Nc5 16. Bf3 h6 17. Nd3 Bf8 18. Nb4 Bg4 19. Bxg4 Nxg4 20. Nbd5 Nxe3 21.
Qxe3 Ne6 22. Qd3 Nd4 23. Rac1 Rc5 24. b4 Rcc8 25. Ne2 Ne6 26. c3 Rc6 27. g3 Rdc8 28. h4 Qa7 29. Kg2 Rd8 30. Qe3 Qxe3 31. Nxe3 Rdc8 32.
Nd5 R8c7 33. Nxc7 Nxc7 34. c4 Ne6 35. b5 Rc5 36. Rb1 Rxc4 37. bxa6 bxa6 38. Rb6 Nc5 39. Rc6 Ra4 40. Nc3 Rxa5 41. Nd5 Ra2 42. Nc3 Rc2 43. Na4 Rc4 44. Nxc5 dxc5 45. Rd8 g6 46. Rcc8 Rxe4 47.
Rxf8+ 1-0

[Event "Early-Titled-Tuesday-Blitz-May-07-2024"]
[Site "Chess.com"]
[Date "2024.05.07"]
[Round "5"]
[White "MikeSailer"]
[Black "milovichalex"]
[Result "1-0"]
[WhiteElo "2127"]
[BlackElo "2326"]
[TimeControl "180+1"]
[EndTime "8:59:52 PDT"]
[Termination "MikeSailer won by checkmate"]

1. g3 d5 2. Bg2 Nf6 3. c4 e6 4. Nf3 c6 5. O-O Be7 6. d4 O-O 7. Nc3 Nbd7 8. Bf4 b6 9. Rc1 Bb7 10. cxd5 cxd5 11. Nb5 a6 12. Bc7 Qe8 13. Nd6 Bxd6 14.
Bxd6 Ne4 15. Bxf8 Nxf8 16. Ne5 Rb8 17. Rc7 Nd6 18. Qc2 Nb5 19. Rxf7 Nxd4 20. Qd3 Nf5 21.
Rc7 Nd6 22. Rfc1 Nb5 23. R7c2 Nd6 24. f4 Qd8 25. h4 Qe8 26. Kh2 Nf7 27. Nxf7 Qxf7 28. Rc7 Qf6 29. Qc3 d4 30. Qd3 Bxg2 31.
Kxg2 Rd8 32. Rc8 Rd5 33. Rb8 e5 34. Rcc8 exf4 35. Rxf8+ Qxf8 36. Rxf8+ Kxf8 37. gxf4 Rd6 38. Kf3 Kf7 39. Qxa6 Kf6 40. Qb7 Re6 41. Qd5 Re3+ 42. Kf2 Rh3 43. Qxd4+ Kf5 44. Qe5+ Kg6 45. Qe6+ Kh5 46.
Qxh3 h6 47. Qe6 g6 48. Qxb6 g5 49. Qe6 Kxh4 50. Kg2 h5 51. Qh3# 1-0

[Event "Early-Titled-Tuesday-Blitz-May-07-2024"]
[Site "Chess.com"]
[Date "2024.05.07"]
[Round "5"]
[White "toninhojit"]
[Black "DanielDardha2005"]
[Result "0-1"]
[WhiteElo "2584"]
[BlackElo "2888"]
[TimeControl "180+1"]
[EndTime "8:59:53 PDT"]
[Termination "DanielDardha2005 won by resignation"]

1. d4 d5 2. c4 e6 3. Nf3 Nf6 4. Nc3 Ne4 5. e3 f5 6. g3 Be7 7. Bg2 O-O 8. O-O c6 9. Ne2 g5 10. b3 a5 11. Bb2 Nd7 12. Nc1 g4 13. Ne1 b5 14. Ned3 bxc4 15. bxc4 Ba6 16. c5 e5 17. Qc2 f4 18. exf4 exf4 19. Re1 f3 20. Bf1 a4 21. Nf4 Qa5 22. Ncd3 a3 23. Bc1 Rfe8 24. Be3 Bf6 25.
Reb1 Qc3 26. Qxc3 Nxc3 27. Rb3 Ne2+ 28. Bxe2 fxe2 29. Nxe2 Nxc5 30. Nxc5 Bxe2 31. Re1 Bf3 32. Rc1 Re7 33. Nd3 Ra4 34. Rb4 Rxb4 35. Nxb4 Rb7 36. Nc2 Be7 37. Ne1 Rb2 38. Nxf3 gxf3 39. h4 Rxa2 40.
Rxc6 Re2 41. Ra6 a2 42. Bg5 Bxg5 43. Kh2 Bf6 44. Ra8+ Kf7 45. Kh3 Bxd4 46. Kg4 a1=Q 47. Rb8 Qb2 48. Rc8 Qc3 49. Rd8 Qc6 50. Kxf3 Qe6 0-1

[Event "Early-Titled-Tuesday-Blitz-May-07-2024"]
[Site "Chess.com"]
[Date "2024.05.07"]
[Round "5"]
[White "ckgchess"]
[Black "SirStrateg"]
[Result "0-1"]
[WhiteElo "2896"]
[BlackElo "2691"]
[TimeControl "180+1"]
[EndTime "8:59:53 PDT"]
[Termination "SirStrateg won on time"]

1. e4 d6 2. d4 Nf6 3. Nc3 c6 4. Nf3 Bg4 5. h3 Bh5 6. g4 Bg6 7. Qe2 e6 8. Bg5 Be7 9. O-O-O Nbd7 10. Kb1 d5 11. Nd2 Nxe4 12. Ndxe4 Bxg5 13. Nxg5 Qxg5 14. h4 Qf4 15. h5 Be4 16. Nxe4 dxe4 17. Bg2 Nf6 18. f3 exf3 19. Bxf3 O-O-O 20. c3 h6 21. Rhf1 Qg5 22. a4 Rd7 23. Qc4 Rhd8 24. Rde1 Qa5 25.
Re5 Qc7 26. a5 Nd5 27. a6 b6 28. Bh1 Kb8 29. Qe2 Rd6 30. Qf3 f6 31. Re2 b5 32.
Rfe1 Qc8 33. Qd3 Nf4 34. Qg3 Nxe2 35. Rxe2 Ka8 36. Qd3 Qxa6 37. Qg6 Qb7 38. Qe4 a6 39. Qe3 Kb8 40. Qg3 Qc7 41. Qf3 Ka7 42. Qf2 Qb6 43.
Qf3 a5 44. Qg3 a4 45. Qf4 Ka6 46. Qd2 c5 47. d5 c4 48. Qc2 Qg1+ 49. Ka2 Qxh1 50.
dxe6 Qc6 51. e7 Re8 52. Qg6 Qd7 53. Qf7 Rb6 54. Re3 Rb7 55. Re6+ Ka7 56. Re2 Rxe7 0-1

[Event "Early-Titled-Tuesday-Blitz-May-07-2024"]
[Site "Chess.com"]
[Date "2024.05.07"]
[Round "5"]
[White "masterofpuppets2"]
[Black "Root_21"]
[Result "1-0"]
[WhiteElo "2475"]
[BlackElo "2585"]
[TimeControl "180+1"]
[EndTime "8:59:54 PDT"]
[Termination "masterofpuppets2 won on time"]

1. d4 d5 2. c4 e6 3. Nf3 c5 4. cxd5 exd5 5. g3 Nf6 6. Bg2 Nc6 7. O-O Be7 8. Nc3 O-O 9. Bg5 c4 10. Ne5 Be6 11. e3 h6 12. Bxf6 Bxf6 13. f4 Ne7 14. g4 Qc8 15. f5 Bd7 16. Bxd5 Nxd5 17. Nxd5 Bg5 18. f6 Qd8 19. Ne7+ Kh8 20. fxg7+ Kxg7 21. Nf5+ Bxf5 22. gxf5 Bxe3+ 23. Kh1 Qxd4 24. Qh5 Qd5+ 25. Rf3 Bg5 26. Rg1 Rg8 27. h4 Rh8 28. hxg5 Qxe5 29. f6+ Kf8 30. Rh3 Qd5+ 31. Rg2 Re8 32.
Kh2 Re1 33. g6 Qxh5 34. Rxh5 fxg6 35. Rxg6 Kf7 36. Rg7+ Kxf6 37. Rxb7 Kg6 38. Rh4 Rd8 39. Rg4+ Kh5 40. Rg2 Rdd1 41. Rxa7 Kh4 42. Rf2 Rh1+ 43. Kg2 Rdg1+ 44. Kf3 h5 45. Ra4 Rc1 46. b3 Rh3+ 47. Ke2 Rc2+ 48. Kf1 1-0

[Event "Early-Titled-Tuesday-Blitz-May-07-2024"]
[Site "Chess.com"]
[Date "2024.05.07"]
[Round "5"]
[White "tptagain"]
[Black "FontVella8"]
[Result "1-0"]
[WhiteElo "2929"]
[BlackElo "2682"]
[TimeControl "180+1"]
[EndTime "8:59:55 PDT"]
[Termination "tptagain won by resignation"]

1. e4 c6 2. d4 d5 3. e5 Bf5 4. Bd3 Bxd3 5. Qxd3 e6 6. Ne2 Nd7 7. O-O Ne7 8. Nd2 c5 9. c3 Nc6 10. f4 g6 11. Nf3 Qb6 12. a3 Be7 13. b4 cxd4 14.
cxd4 Rc8 15. Be3 a6 16. Qd1 Qd8 17. g4 Nb6 18. Ng3 Nc4 19. Bc1 Qb6 20. Kh1 h5 21.
gxh5 gxh5 22. f5 h4 23. Ne2 Kd7 24. f6 Bf8 25. Ng5 Nd8 26. Rb1 Rc7 27. a4 Bxb4 28.
a5 Qxa5 29. Nf4 Kc8 30. Qg4 Kb8 31. Ngxe6 fxe6 32. Nxe6 Nxe6 33. Qxe6 h3 34. Qg4 Bd2 35. e6 Ne3 36. Qg7 Rhc8 37. f7 Nxf1 38. f8=Q Rxf8 39.
Qxf8+ Ka7 40. Qxf1 Qa2 41. Bxd2 Qxd2 42. Qxh3 Rc2 43. Qg3 Qe2 44. h3 Qe4+ 45. Kg1 Qxd4+ 46. Kh1 Qe4+ 47. Kg1 Re2 48. Rf1 Qd4+ 49. Rf2 Qd1+ 50.
Kh2 Qd2 51. Kg2 Rxf2+ 52. Qxf2+ Qxf2+ 53. Kxf2 Kb6 54. e7 1-0

[Event "Early-Titled-Tuesday-Blitz-May-07-2024"]
[Site "Chess.com"]
[Date "2024.05.07"]
[Round "5"]
[White "Zhigalko_Sergei"]
[Black "viktorskliarov"]
[Result "1-0"]
[WhiteElo "2872"]
[BlackElo "2641"]
[TimeControl "180+1"]
[EndTime "8:59:56 PDT"]
[Termination "Zhigalko_Sergei won by resignation"]

1. e4 c5 2. Nf3 Nc6 3. c3 Nf6 4. e5 Nd5 5. Bc4 Nb6 6. Bb3 c4 7.
Bc2 Qc7 8. Qe2 g5 9. h3 Bg7 10. O-O Nxe5 11. Nxg5 h6 12. Nf3 d5 13. a4 Nd3 14.
Bxd3 cxd3 15. Qxd3 e6 16. Qe2 Bd7 17. a5 Nc4 18. Re1 Nxa5 19. Qd1 Qb6 20. b4 Nc6 21. d4 Ne7 22. Bf4 Ng6 23. Bg3 Rc8 24. Ne5 Nxe5 25. Bxe5 Bxe5 26. Rxe5 Rg8 27. Qh5 Rg6 28.
Re3 Kd8 29. Nd2 Kc7 30. Qe5+ Qd6 31. Qxd6+ Kxd6 32. Rxa7 Rcg8 33. g3 f5 34. Rf3 e5 35.
dxe5+ Kxe5 36. Rxb7 Bc6 37. Rb6 d4 38. cxd4+ Kxd4 39.
Rxf5 Kc3 40. Rc5+ Kxd2 41. Rcxc6 R6g7 42. Rxh6 Re7 43. Rhe6 Ra7 44. Ra6 Rb7 45. Rad6+ Kc3 46. Rb6 Ra7 47. Ra6 Rd7 48. Rad6 Rb7 49. Rc6+ Kb3 50.
Kg2 Rxb4 51. Rb6 Rxb6 52. Rxb6+ Kc4 53. Re6 Kd5 54. Re3 1-0

[Event "Early-Titled-Tuesday-Blitz-May-07-2024"]
[Site "Chess.com"]
[Date "2024.05.07"]
[Round "5"]
[White "Dedic8"]
[Black "Oleksandr_Bortnyk"]
[Result "1/2-1/2"]
[WhiteElo "2870"]
[BlackElo "3058"]
[TimeControl "180+1"]
[EndTime "8:59:57 PDT"]
[Termination "Game drawn by repetition"]

1. e4 Nf6 2. e5 Nd5 3. d4 d6 4.
Nf3 dxe5 5. Nxe5 c6 6. Be2 Bf5 7. O-O Nd7 8. Nf3 e6 9. a3 Bd6 10. c4 N5f6 11. Nc3 O-O 12. Nh4 Bg6 13. Nxg6 hxg6 14.
Be3 Qc7 15. g3 e5 16. d5 a5 17. Rc1 Bc5 18. Qd3 a4 19. Bd1 Rfe8 20. Nxa4 e4 21. Qd2 Bxe3 22. Qxe3 cxd5 23. cxd5 Qd6 24. Nc3 Nxd5 25.
Qd4 N7f6 26. Bb3 Qb6 27. Qxb6 Nxb6 28. Nb5 Re7 29. Rfd1 e3 30. fxe3 Rxe3 31. Rc3 Re2 32. Nd6 Rxb2 33. Bxf7+ Kh7 34. Rd4 g5 35. h4 g4 36. h5 Rd8 37. Bg6+ Kg8 38. Nf5 Rb1+ 39. Kg2 Rb2+ 40. Kg1 Nbd5 41. Rc7 Rb1+ 42. Kh2 Rb2+ 43.
Kg1 Kh8 44. Rxg7 Rc8 45. Rd1 Rcc2 46. Rf7 Rg2+ 47. Kh1 Rh2+ 48. Kg1 Rbg2+ 49. Kf1 Rf2+ 50. Kg1 Rfg2+ 51. Kf1 Rf2+ 52. Kg1 Kg8 53. Rg7+ Kf8 54. Rxb7 Rfg2+ 55. Kf1 Rf2+ 56. Kg1 Rhg2+ 57. Kh1 Rh2+ 58.
Kg1 1/2-1/2